 Dungeon Crawl Stone Soup version 0.26-a0-26-ge22fd8933b (webtiles) character file.

Game seed: 7336152773935137962, levelgen mode: deterministic

142 Essalna the Stinger (level 5, -3/29 HPs)
             Began as a Deep Elf Venom Mage on May 27, 2020.
             Slain by Grinder (9 damage)
             ... on level 3 of the Dungeon.
             The game lasted 00:08:38 (3661 turns).

Essalna the Stinger (Deep Elf Venom Mage)           Turns: 3661, Time: 00:08:38

Health: -3/29      AC:  2    Str:  5    XL:     5   Next: 4%
Magic:  6/12       EV: 14    Int: 21    God:
Gold:   153        SH:  0    Dex: 15    Spells: 8/11 levels left

rFire    . . .     SeeInvis .   d - +1 hand axe (elec)
rCold    . . .     Gourm    .   (no shield)
rNeg     . . .     Faith    .   a - +0 robe
rPois    .         Spirit   .   (no helmet)
rElec    .         Reflect  .   (no cloak)
rCorr    .         Harm     .   (no gloves)
MR       .....                  (no boots)
Stlth    +.........             (no amulet)
HPRegen  0.09/turn              g - ring of attention (curse)
MPRegen  0.13/turn              (no ring)

@: no status effects
A: no striking features
a: no special abilities


You were on level 3 of the Dungeon.
You were not hungry.

You visited 1 branch of the dungeon, and saw 3 of its levels.

You collected 153 gold pieces.

Inventory:

Hand Weapons
 d - a +1 hand axe of electrocution (weapon)
 j - a +0 dagger
Armour
 a - a +0 robe (worn)
Jewellery
 b - an uncursed ring of ice
 g - a cursed ring of attention (left hand)
 m - an uncursed amulet of faith
Wands
 r - a wand of polymorph (9)
Scrolls
 e - 3 scrolls of amnesia {unknown}
 f - a scroll of fear {unknown}
 i - 4 scrolls of remove curse {unknown}
 l - a scroll of enchant armour {unknown}
 q - a scroll of blinking {unknown}
 s - 3 scrolls of teleportation {unknown}
Potions
 h - a potion of stabbing {unknown}
 k - a potion of degeneration {unknown}
 n - 2 potions of flight {unknown}
 o - a potion of might {unknown}
Comestibles
 c - 13 rations
 p - 2 chunks of flesh


   Skills:
 + Level 1.4 Fighting
 + Level 3.5 Dodging
 - Level 2.4 Stealth
 + Level 3.9 Spellcasting
 + Level 2.4 Transmutations
 + Level 0.7 Air Magic
 + Level 4.0 Poison Magic


You had 8 spell levels left.
You knew the following spells:

 Your Spells              Type           Power        Failure   Level  Hunger
a - Sting                 Tmut/Pois      ###.         3%          1    None
b - Poisonous Vapours     Pois/Air       ##....       7%          2    #......

Your spell library contained the following spells:

 Spells                   Type           Power        Failure   Level  Hunger
 Ignite Poison            Fire/Tmut/Pois ##......     16%         3    ###....
 Mephitic Cloud           Conj/Pois/Air  ##......     19%         3    ###....
 Olgreb's Toxic Radiance  Pois           ###.....     22%         4    ####...


Dungeon Overview and Level Annotations

Branches:
Dungeon (3/15)

Altars:
Cheibriados

Annotations:
D:3 Grinder


Message History

Grinder hits you!
You writhe in agony.
* * * LOW HITPOINT WARNING * * *
Casting: Sting (safe; 3% risk of failure)
Confirm with . or Enter, or press ? or * to list all spells.
Aiming: Sting (safe; 3% risk of failure)
Press: ? - help, Shift-Dir - straight line, f/p - Grinder
Aim: Grinder (heavily wounded, extremely poisoned)
The sting hits Grinder.
Grinder partially resists.
Grinder is severely wounded.
Grinder misses you.
Casting: Sting (safe; 3% risk of failure)
Confirm with . or Enter, or press ? or * to list all spells.
Aiming: Sting (safe; 3% risk of failure)
Press: ? - help, Shift-Dir - straight line, f/p - Grinder
Aim: Grinder (severely wounded, extremely poisoned)
The sting hits Grinder but does no damage.
Grinder looks as sick as possible!
Grinder is severely wounded.
Grinder hits you!
You die...

...#...#...#..#......<..###
..............#.........#
###############.........#
#............#
#....h.......#
#...)........#
##+##h####.### #5# #.# #@#
#.# #.# #.# #+# #.. ... ...


You could see Grinder (extremely poisoned) and 2 jackals.

Vanquished Creatures
  5 adders (D:2)
  An ooze (D:2)
  3 worms (D:2)
  2 dart slugs
  6 leopard geckos
  An orc (D:3)
  2 giant cockroaches
  7 goblins
  7 hobgoblins
  8 jackals
  2 quokkas
  6 bats
  6 frilled lizards
  7 kobolds
  12 rats
75 creatures vanquished.

Notes
Turn   | Place    | Note
-------+----------+-------------------------------------------
     0 | D:1      | Essalna the Deep Elf Venom Mage began the quest for the
                  | Orb.
     0 | D:1      | Reached XP level 1. HP: 10/10 MP: 6/6
   215 | D:1      | Reached XP level 2. HP: 15/15 MP: 2/8
   865 | D:1      | Reached XP level 3. HP: 14/20 MP: 6/9
  1667 | D:2      | Reached skill level 1 in Fighting
  2028 | D:2      | Reached XP level 4. HP: 17/25 MP: 6/11
  2168 | D:2      | Learned a level 2 spell: Poisonous Vapours
  3105 | D:2      | Reached skill level 4 in Poison Magic
  3465 | D:3      | Reached XP level 5. HP: 28/29 MP: 7/12
  3502 | D:3      | Found a snail-covered altar of Cheibriados.
  3643 | D:3      | Noticed Grinder
  3643 | D:3      | Paralysed by Grinder for 4 turns
  3652 | D:3      | Paralysed by Grinder for 3 turns
  3661 | D:3      | Slain by Grinder

Illustrated notes

Levels and vault maps discovered:
D:1:      dpeg_arrival_rooms_a, layout_loops_ring, serial_park_tiny_pond,
          minmay_cupped
D:2:      minmay_angry_zag, layout_basic, kennysheep_path_1
D:3:      layout_basic, lemuel_coloured_pillars_altar, first_ration,
          uniq_grinder

Skill      XL: |  1  2  3  4 |
---------------+-------------+-----
Dodging        | 3 |  3.5
Fighting       | 1 |  1.4
Transmutations | 2 |  2.4
Poison Magic   | 4 |  4.0
Stealth        | |  2.4
Spellcasting   | |  3.9
Air Magic      | |  0.7

Action                   |  1- 3 |  4- 6 || total
-------------------------+-------+-------++-------
Melee: Unarmed           |     2 |       ||     2
       Dagger            |     5 |     5 ||    10
 Cast: Sting             |    68 |    70 ||   138
       Poisonous Vapours |       |     3 ||     3
  Use: Potion            |     1 |       ||     1
  Eat: Chunk             |     3 |     5 ||     8
Armor: Robe              |     4 |     4 ||     8
Dodge: Dodged            |    21 |    17 ||    38

Table legend:
 A = Non-vault XP
 B = Vault XP
 C = Vault XP percentage of total XP
 D = Non-vault monster count
 E = Vault monster count
 F = Vault count percentage of total count
                 A         B        C        D         E       F
            +---------+---------+-------+---------+---------+-------
      Total |     173 |      31 |  15.2 |      64 |      11 |  14.7
            +---------+---------+-------+---------+---------+-------
        D:1 |      35 |       6 |  14.6 |      20 |       4 |  16.7
        D:2 |     115 |      25 |  17.9 |      30 |       7 |  18.9
        D:3 |      23 |       0 |   0.0 |      14 |       0 |   0.0
            +---------+---------+-------+---------+---------+-------
